 Dungeon Crawl Stone Soup version 0.28-a0-973-ga7f8b01127 (webtiles) character file.

Game seed: 6269159707602714454

641 tilp the Sneak (level 7, 32/32 HPs)
             Began as a Felid Ice Elementalist on Dec 1, 2021.
             Quit the game on level 4 of the Dungeon on Dec 2, 2021.
             The game lasted 00:13:58 (7486 turns).

tilp the Sneak (Felid Ice Elementalist)             Turns: 7486, Time: 00:13:59

Health: 32/32      AC:  2    Str:  4    XL:     7   Next: 26%
Magic:  12/12      EV: 20    Int: 18    God:
Gold:   907        SH:  0    Dex: 17    Spells: 0/12 levels left
                                        Lives:  0   Deaths: 2

rFire   . . .      SeeInvis +     - Unarmed
rCold   . . .      Faith    .   (shield unavailable)
rNeg    . . .      Spirit   .   (armour unavailable)
rPois   .          Reflect  .   (helmet unavailable)
rElec   .          Harm     .   (cloak unavailable)
rCorr   .          Rampage  .   (gloves unavailable)
Will    +....                   (boots unavailable)
Stlth   ++++......              (no amulet)
HPRegen 0.10/turn               e - ring of wizardry
MPRegen 0.13/turn               (no ring)

@: quick
A: very small, claws 1, fangs 3, see invisible, speed 1, shaggy fur 2, stealthy
paws, no weapons or thrown items, no armour, multi-lived
a: no special abilities


You were on level 4 of the Dungeon.
You visited 1 branch of the dungeon, and saw 4 of its levels.
You also visited: Ossuary.

You collected 955 gold pieces.
You spent 48 gold pieces at shops.

Inventory:

Jewellery
 d - a ring of flight
 e - a ring of wizardry (left paw)
 f - an amulet of reflection
Scrolls
 c - 3 scrolls of identify
 g - a scroll of fog {unknown}
Potions
 a - 3 potions of attraction
 b - a potion of curing
 h - 2 potions of resistance
 i - a potion of cancellation
 k - a potion of ambrosia


   Skills:
 - Level 4.0 Fighting
 - Level 6.0 Dodging
 + Level 7.2 Stealth
 + Level 5.0 Unarmed Combat
 - Level 3.0 Spellcasting
 - Level 6.0 Ice Magic


You couldn't memorise any spells.
You knew the following spells:

 Your Spells              Type           Power      Damage    Failure   Level
a - Freeze                Ice            96%        1d11      1%          1
b - Frozen Ramparts       Ice            48%        1d6       1%          3
c - Ozocubu's Armour      Ice            24%        N/A       1%          3
d - Hailstorm             Conj/Ice       13%        3d5       19%         4
e - Magic Dart            Conj           8%         1d3       6%          1

Your spell library contained the following spells:

 Spells                   Type           Power      Damage    Failure   Level
 Call Imp                 Summ           2%         N/A       10%         2
 Mephitic Cloud           Conj/Pois/Air  2%         N/A       19%         3


Dungeon Overview and Level Annotations

Branches:
Dungeon (4/15)            Ossuary (visited)
 Temple: D:4-7

Altars:
Elyvilon
Gozag
Okawaru
Vehumet
Wu Jian
Xom

Shops:
D:2 !

Annotations:
D:3 1 runed translucent door, Crazy Yiuf
D:4 3 runed translucent doors, sanka's ghost, amateur PaAK


Innate Abilities, Weirdness & Mutations

You have sharp claws.
You have razor-sharp teeth.
You have supernaturally acute eyesight. (SInv)
You cover ground quickly. (Speed+)
You are covered in thick fur. (AC +2)
Your paws help you pounce on unaware monsters.
You are incapable of wielding weapons or throwing items.
You cannot wear armour.
You gain extra lives every three experience levels.


Message History

The spell is quite dangerous to miscast (19% risk of failure)!
Continue anyway?
Casting: Hailstorm (quite dangerous; 19% risk of failure)
Press: ? - help, Dir - look around, f - activate A cannonade of hail descends around you!
The hail pelts the steam dragon!
The steam dragon is heavily wounded.
You are engulfed in a cloud of scalding steam.
* * * LOW HITPOINT WARNING * * *
The wall freezes the steam dragon.
The heat melts your icy armour.
Unknown command.
Unknown command.
Casting: Hailstorm (quite dangerous; 19% risk of failure)
Confirm with . or Enter, or press ? or * to list all spells.
You don't have enough magic to cast this spell.
You're standing in a cloud of steam!
Unknown command.
You are engulfed in a cloud of scalding steam.
The wall freezes the steam dragon.
The steam dragon breathes steam at you. The ball of steam hits you!
* * * LOW HITPOINT WARNING * * *
The heat melts your icy armour.
Unknown command.
Your icy armour and frozen ramparts will break if you move.
Continue?
Uppercase [Y]es or [N]o only, please.
Your icy armour and frozen ramparts will break if you move.
Continue?
Okay, then.
Your icy armour and frozen ramparts will break if you move.
Continue?
Your icy armour cracks and falls away as you move.
The frozen ramparts melt away as you move.
The steam dragon breathes steam at you. The ball of steam misses you.
The steam dragon breathes steam at you. The ball of steam hits you.
You die...
You are now level 7!
You rejoin the land of the living...
Unknown command.
Are you sure you want to abandon this character and quit the game? (Confirm with "yes".)

##..#..## ##.....#......#..
####..#.#####..............
#...................##.....
#####§§.................#......
###..§§§§......#..##......##.....
#......§§...####..##.........#...
##...§.§§.#........#.##.....###.#
.##...#.§§#..........##.....###..
......#.§§#.§.#.@....###....#....
.###....§D#§§§##......###.......#
.....##.....§§.....#..# #.......#
#....$#......###.###..####......#
#............# #.# ##.#.........#
.............# #.. #..........###
.......#.....# #.###.........##..
..<...####.... ..# #........##..#
.....## #........ #........#..##


There were no monsters in sight!

Vanquished Creatures
  Pargi (D:3)
  2 black bears (D:4)
  A bullfrog (D:4)
  10 scorpions
  4 centaur zombies (Ossuary)
  6 human zombies
  2 orc priests (D:3)
  A jelly (D:4)
  A scorpion zombie (Ossuary)
  3 mummies (Ossuary)
  5 adders
  An ufetubus (D:4)
  2 adder skeletons (D:4)
  2 worms
  2 dart slugs (D:1)
  9 orcs
  5 ball pythons
  6 endoplasms
  3 giant cockroaches
  A gnoll zombie (Ossuary)
  5 goblins
  9 hobgoblins
  2 quokkas
  5 bats
  4 frilled lizards
  A goblin zombie (Ossuary)
  5 hobgoblin zombies
  8 kobolds
  4 kobold zombies
  2 orc zombies
  5 rats
117 creatures vanquished.

Vanquished Creatures (others)
  4 fungi
  A plant (D:4)
5 creatures vanquished.

Grand Total: 122 creatures vanquished

Notes
Turn   | Place    | Note
-------+----------+-------------------------------------------
     0 | D:1      | tilp the Felid Ice Elementalist began the quest for the
                  | Orb.
     0 | D:1      | Reached XP level 1. HP: 7/7 MP: 4/4
    97 | D:1      | Reached skill level 1 in Unarmed Combat
   294 | D:1      | Reached XP level 2. HP: 11/11 MP: 3/6
   951 | D:1      | Reached XP level 3. HP: 14/14 MP: 4/7
   955 | D:1      | Learned a level 3 spell: Frozen Ramparts
  1733 | D:2      | Found Vavyalur's Distillery.
  1738 | D:2      | Bought a potion of degeneration for 12 gold pieces
  1738 | D:2      | Bought a potion of curing for 36 gold pieces
  1766 | D:2      | Found a faded altar of an unknown god.
  2986 | D:3      | Reached XP level 4. HP: 10/18 MP: 1/9
  3436 | D:3      | Found a runed translucent door.
  3437 | D:3      | Noticed Crazy Yiuf
  3518 | D:3      | Learned a level 3 spell: Ozocubu's Armour
  3520 | D:3      | Learned a level 1 spell: Magic Dart
  3732 | D:3      | Reached XP level 5. HP: 21/21 MP: 0/10
  4016 | D:3      | Reached skill level 5 in Ice Magic
  4103 | D:3      | Noticed Pargi
  4109 | D:3      | Killed Pargi
  4113 | D:3      | Gained mutation: You are covered in thick fur. (AC +2)
                  | [Felid growth]
  4113 | D:3      | Reached XP level 6. HP: 19/24 MP: 1/11
  4558 | D:3      | Found a hide-covered altar of Uskayaw.
  4561 | D:3      | Found a shimmering altar of Xom.
  4561 | D:3      | Found an opulent altar of Gozag.
  4563 | D:3      | Found an iron altar of Okawaru.
  4563 | D:3      | Found an ornate altar of the Wu Jian Council.
  4563 | D:3      | Found a white marble altar of Elyvilon.
  4710 | D:4      | Noticed a steam dragon
  4739 | D:4      | Found a radiant altar of Vehumet.
  4761 | D:4      | Reached skill level 1 in Fighting
  4767 | D:4      | Reached skill level 3 in Stealth
  4833 | D:4      | Found a sand-covered staircase.
  4849 | D:4      | Reached XP level 7. HP: 20/30 MP: 0/12
  5055 | Ossuary  | Entered an ossuary
  5326 | Ossuary  | Learned a level 4 spell: Hailstorm
  5369 | Ossuary  | Reached skill level 4 in Stealth
  5392 | Ossuary  | Slain by a human zombie
  5393 | Ossuary  | Reached XP level 6. HP: -1/27 MP: 8/11
  5679 | Ossuary  | Reached XP level 7. HP: 15/31 MP: 3/12
  5960 | Ossuary  | Reached skill level 5 in Stealth
  6151 | Ossuary  | Reached skill level 5 in Dodging
  6440 | Ossuary  | Reached skill level 6 in Stealth
  6503 | Ossuary  | Reached XP level 8. HP: 23/36 MP: 8/13
  6834 | Ossuary  | Identified a scroll of acquirement
  6834 | Ossuary  | Acquired 786 gold pieces
  6943 | D:4      | Found a runed translucent gate.
  6943 | D:4      | Found a runed translucent gate.
  6943 | D:4      | Found a runed translucent gate.
  6959 | D:4      | Noticed sanka's ghost (amateur PaAK)
  7204 | D:4      | Reached skill level 7 in Stealth
  7204 | D:4      | Reached skill level 5 in Unarmed Combat
  7485 | D:4      | Killed from afar by a steam dragon
  7486 | D:4      | Reached XP level 7. HP: 0/32 MP: 4/12
  7486 | D:4      | Quit the game

Illustrated notes

Levels and vault maps discovered:
D:1:      dpeg_arrival_round_b, layout_rooms, minmay_misc_feat_square
D:2:      layout_loops_ring, serial_shops, nicolae_shop_stone,
          shapermc_ecumenical_altar_mp_highgroup
D:3:      minmay_chambers_of_twos, layout_basic, doesnt_xom_only_xom,
          uniq_crazy_yiuf_cottage, uniq_pargi
D:4:      minmay_evil_eye, layout_cave_pools, mainiacjoe_overflow_alcove_1,
          lemuel_crystal_altar, gammafunk_ghost_nasty_kobolds, enter_ossuary_3

Skill      XL: |  1  2  3  4  5  6  7  8 |
---------------+-------------------------+-----
Unarmed Combat | 1 2 3 4 5 |  5.0
Ice Magic      | 4 5 6 |  6.0
Spellcasting   | 3 |  3.0
Fighting       | 3 4 |  4.0
Dodging        | 4 5 6 |  6.0
Stealth        | 3 6 7 |  7.2

Action                   |  1- 3 |  4- 6 |  7- 9 || total
-------------------------+-------+-------+-------++-------
Melee: Unarmed           |    24 |    77 |   262 ||   363
       Bite              |     1 |    12 |    31 ||    44
       Punch             |       |       |     5 ||     5
 Cast: Freeze            |    50 |    26 |    11 ||    87
       Frozen Ramparts   |     6 |    11 |    12 ||    29
       Magic Dart        |       |     2 |     9 ||    11
       Ozocubu's Armour  |       |    10 |    23 ||    33
       Hailstorm         |       |       |     3 ||     3
  Use: Scroll            |     4 |     2 |     7 ||    13
       Potion            |     2 |     1 |     3 ||     6
 Stab: Sleeping          |    10 |     2 |     3 ||    15
Armor: Skin              |       |    35 |    59 ||    94
Dodge: Dodged            |    44 |    88 |   190 ||   322

Table legend: (Time is in decaauts)
 A = Elapsed time spent in this place.
 B = Non-inter-level travel time spent in this place.
 C = Inter-level travel time spent in this place.
 D = Time resting spent in this place.
 E = Time spent auto-exploring this place.
 F = Levels seen in this place.
 G = Mean time per level.
                   A        B        C        D        E       F      G
               +--------+--------+--------+--------+--------+-----+--------+
         Total |   6957 |   6876 |     81 |   2525 |   3077 |   5 | 1391.4 |
       Dungeon |   5196 |   5115 |     81 |   1643 |   2702 |   4 | 1299.0 |
       Ossuary |   1761 |   1761 |      0 |    881 |    374 |   1 | 1761.0 |
               +--------+--------+--------+--------+--------+-----+--------+

Top non-repeatable levels by time:
 Ossuary: 1761 daAuts
     D:3: 1660 daAuts
     D:2: 1642 daAuts
     D:1: 1023 daAuts
     D:4: 870 daAuts
